 Dungeon Crawl Stone Soup version 0.20.1-1-g8b1a95d (webtiles) character file.

30 HaraKiri the Shooter (level 3, -1/28 HPs)
             Began as a Centaur Arcane Marksman on Dec 10, 2017.
             Killed from afar by Natasha (5 damage)
             ... with a magic dart
             ... on level 2 of the Dungeon.
             The game lasted 00:07:04 (906 turns).

HaraKiri the Shooter (Centaur Arcane Marksman)       Turns: 906, Time: 00:07:04

Health: -1/28      AC:  4    Str: 12    XL:     3   Next: 5%
Magic:  5/5        EV:  9    Int: 12    God:
Gold:   39         SH:  0    Dex: 10    Spells: 3/4 levels left

rFire    . . .     SeeInvis .   a - +0 shortbow
rCold    . . .     Gourm    .   (shield currently unavailable)
rNeg     . . .     Faith    .   e - +0 robe
rPois    .         Spirit   .   (no helmet)
rElec    .         Reflect  .   (no cloak)
rCorr    .         Harm     .   (no gloves)
MR       .....                  (no barding)
Stlth    +.........             (no amulet)
Regen    0.1/turn               (no ring)
MPRegen  0.1/turn               (no ring)

@: slowed
A: hooves 3, deformed body, speed 2, tough skin 3
a: no special abilities


You were on level 2 of the Dungeon.
You were not hungry.

You visited 1 branch of the dungeon, and saw 2 of its levels.

You collected 39 gold pieces.

Inventory:

Hand Weapons
 a - a +0 shortbow (weapon)
 b - a +0 short sword
 h - a +0 dagger
Missiles
 d - 7 arrows (quivered)
Armour
 e - a +0 robe (worn)
 n - a +0 ring mail
Jewellery
 m - an uncursed amulet of rage {unknown}
Scrolls
 k - a scroll of teleportation {unknown}
 l - a scroll of noise {unknown}
 o - 2 scrolls of enchant armour {unknown}
 p - a scroll of amnesia {unknown}
Potions
 g - a potion of heal wounds {unknown}
Books
 c - a book of Debilitation

   Spells                             Type                      Level
   a - Corona                         Hexes                        1
   b - Slow                           Hexes                        2
   c - Inner Flame                    Hexes/Fire                   3
   d - Portal Projectile              Hexes/Translocation          3
   e - Cause Fear                     Hexes                        4
   f - Leda's Liquefaction            Hexes/Earth                  4
Comestibles
 f - a bread ration
 i - a chunk of flesh
 j - a meat ration


   Skills:
 - Level 1.0 Fighting
 * Level 3.6 Bows
 - Level 1.3 Dodging
 + Level 1.4 Spellcasting
 * Level 3.1 Hexes


You had 3 spell levels left.
You knew the following spells:

 Your Spells              Type           Power        Failure   Level  Hunger
a - Corona                Hex            #......      8%          1    ##.....


Dungeon Overview and Level Annotations

Branches:
Dungeon (2/15)

Altars:

Annotations:
D:2 Natasha


Innate Abilities, Weirdness & Mutations

You have hooves in place of feet.
Armour fits poorly on your strangely shaped body.
You cover ground very quickly.
You have extremely tough skin. (AC +3)


Message History

You shoot an arrow. The arrow barely misses Natasha.
Natasha barely misses you. Natasha claws you.
Firing (i - inventory):
d - 10 arrows (quivered)
Press: ? - help, Shift-Dir - straight line, f/p - Natasha
Aim: Natasha (severely wounded, softly glowing)
You shoot an arrow. The arrow closely misses Natasha.
Natasha stops glowing.
Natasha barely misses you.
Firing (i - inventory):
d - 9 arrows (quivered)
Press: ? - help, Shift-Dir - straight line, f/p - Natasha
Aim: Natasha (severely wounded)
You shoot an arrow. The arrow barely misses Natasha.
Natasha closely misses you. Natasha misses you.
Firing (i - inventory):
d - 8 arrows (quivered)
Press: ? - help, Shift-Dir - straight line, f/p - Natasha
Aim: Natasha (severely wounded)
You shoot an arrow. The arrow closely misses Natasha.
Natasha claws you!
* * * LOW HITPOINT WARNING * * *
Natasha casts a spell at you. The magic dart hits you!
You die...

####
#((
#h#
#@#
#.#
#..
###.
.# #


You could see Natasha.

Vanquished Creatures
  An ooze (D:1)
  A dart slug (D:1)
  2 leopard geckos (D:1)
  4 bats (D:1)
  A goblin (D:1)
  3 hobgoblins (D:1)
  2 jackals (D:1)
  3 frilled lizards (D:1)
  2 kobolds (D:1)
  2 rats (D:1)
21 creatures vanquished.

Notes
Turn   | Place    | Note
-------+----------+-------------------------------------------
     0 | D:1      | HaraKiri the Centaur Arcane Marksman began the quest for the Orb.
     0 | D:1      | Reached XP level 1. HP: 16/16 MP: 2/2
   223 | D:1      | Reached XP level 2. HP: 23/23 MP: 0/3
   668 | D:1      | Reached XP level 3. HP: 27/28 MP: 0/5
   897 | D:2      | Noticed Natasha
   906 | D:2      | Killed from afar by Natasha

Skill      XL: |  1  2 |
---------------+-------+-----
Bows           | 3 |  3.6
Hexes          | 3 |  3.1
Fighting       | |  1.0
Dodging        | |  1.3
Spellcasting   | |  1.4

Action                   || total
-------------------------++-------
Melee: Short sword       ||     7
       Dagger            ||    10
       Kick              ||     3
 Fire: Shortbow          ||    52
 Cast: Corona            ||    11
Armor: Robe              ||    14
Dodge: Dodged            ||    18
